| TOP OF THE 1ST |
|
Indianapolis Indians batting - Pitching for Memphis Redbirds : LHP Ed Gates
|
|
Pitching: LHP Ed Gates
|
|
|
Batting: RHB Hugo Zacarias
|
0-0: Bunt missed! 0-1: Ball 1-1: Ball 2-1: Ball 3-1: Fly out, F9 (Flyball, 89D, EV 80.0 MPH)
|
|
Batting: RHB Nick Wicker
|
0-0: Ball 1-0: Ball 2-0: Ball 3-0: Base on Balls
|
|
Batting: RHB Alain Marquet
|
0-0: Ball 1-0: Fly out, F5 (Popup, 56S, EV 78.1 MPH)
|
|
Batting: RHB Dave Fredericks
|
0-0: Ball 1-0: SINGLE (Groundball, 6D, EV 95.6 MPH) Nick Wicker to second Runner from 2nd tries for 3rd, OUT! 8-5
|
| Top of the 1st over - 0 runs, 1 hit, 0 errors, 1 left on base; Indianapolis 0 - Memphis 0 |
| BOTTOM OF THE 1ST |
|
Memphis Redbirds batting - Pitching for Indianapolis Indians : LHP Ben Buerck
|
|
Pitching: LHP Ben Buerck
|
|
|
Batting: LHB Tsutomu Miyahara
|
0-0: Foul Ball, location: 2F 0-1: Foul Ball, location: 2F 0-2: Foul Ball, location: 2F 0-2: SINGLE (Groundball, 25, EV 72.5 MPH) (infield hit)
|
|
Batting: SHB Gerardo Macias
|
0-0: Foul Ball, location: 2F 0-1: Swinging Strike 0-2: Ball 1-2: Ball 2-2: Ball 3-2: Foul Ball, location: 2F 3-2: Strikes out swinging Tsutomu Miyahara steals 2nd base (no throw) Batter strikes out.
|
|
Batting: RHB Ricky Yerzy
|
0-0: Ball 1-0: Foul Ball, location: 2F 1-1: Ball 2-1: Called Strike 2-2: DOUBLE (Flyball, 9LD, EV 96.2 MPH) Tsutomu Miyahara scores
|
|
Batting: RHB Tyler Walker
|
0-0: Foul Ball, location: 2F 0-1: Ball 1-1: Called Strike 1-2: Strikes out swinging
|
|
Batting: RHB Andres Mendiola
|
0-0: Ball 1-0: Foul Ball, location: 2F 1-1: Fly out, F8 (Line Drive, 8RS, EV 86.2 MPH)
|
| Bottom of the 1st over - 1 run, 2 hits, 0 errors, 1 left on base; Indianapolis 0 - Memphis 1 |
| TOP OF THE 2ND |
|
Indianapolis Indians batting - Pitching for Memphis Redbirds : LHP Ed Gates
|
|
Batting: RHB Brandon White
|
0-0: Called Strike 0-1: Ball 1-1: Ground out 1-3 (Groundball, 15S, EV 72.5 MPH)
|
|
Batting: LHB Jorge Quintana
|
0-0: Ball 1-0: Bunt missed! 1-1: SINGLE (Groundball, 5L, EV 99.4 MPH)
|
|
Batting: RHB Richard Barrios
|
0-0: Called Strike 0-1: Ball 1-1: Called Strike 1-2: Ball 2-2: Strikes out swinging
|
|
Batting: LHB Alberto Figueroa
|
0-0: Swinging Strike 0-1: Swinging Strike 0-2: Ball 1-2: Reached on error, E5 (Groundball, 5L, EV 89.4 MPH) Jorge Quintana to second
|
|
Batting: RHB Steve Terres
|
0-0: Foul Ball, location: 2F 0-1: Ball 1-1: Swinging Strike 1-2: Foul Ball, location: 2F 1-2: Strikes out swinging
|
| Top of the 2nd over - 0 runs, 1 hit, 1 error, 2 left on base; Indianapolis 0 - Memphis 1 |
| BOTTOM OF THE 2ND |
|
Memphis Redbirds batting - Pitching for Indianapolis Indians : LHP Ben Buerck
|
|
Batting: RHB Mark Cahill
|
0-0: Called Strike 0-1: Ball 1-1: Fly out, F7 (Flyball, 7S, EV 81.2 MPH)
|
|
Batting: RHB Josh Martin
|
0-0: Ground out 4-3 (Groundball, 4, EV 88.1 MPH)
|
|
Batting: RHB Roberto Duron
|
0-0: Ball 1-0: Ball 2-0: Ball 3-0: Called Strike 3-1: Foul Ball, location: 2F 3-2: Strikes out swinging
|
| Bottom of the 2nd over - 0 runs, 0 hits, 0 errors, 0 left on base; Indianapolis 0 - Memphis 1 |
| TOP OF THE 3RD |
|
Indianapolis Indians batting - Pitching for Memphis Redbirds : LHP Ed Gates
|
|
Batting: RHB Hugo Zacarias
|
0-0: Ball 1-0: Swinging Strike 1-1: Foul Ball, location: 2F 1-2: Foul Ball, location: 2F 1-2: Strikes out swinging
|
|
Batting: RHB Nick Wicker
|
0-0: Ball 1-0: Ground out 4-3 (Groundball, 4, EV 90.0 MPH)
|
|
Batting: RHB Alain Marquet
|
0-0: Ball 1-0: Called Strike 1-1: Foul Ball, location: 2F 1-2: Ball 2-2: Foul Ball, location: 2F 2-2: Ball 3-2: Foul Ball, location: 2F 3-2: SINGLE (Groundball, 34D, EV 98.8 MPH)
|
|
Batting: RHB Dave Fredericks
|
0-0: Called Strike 0-1: Called Strike 0-2: Strikes out swinging
|
| Top of the 3rd over - 0 runs, 1 hit, 0 errors, 1 left on base; Indianapolis 0 - Memphis 1 |
| BOTTOM OF THE 3RD |
|
Memphis Redbirds batting - Pitching for Indianapolis Indians : LHP Ben Buerck
|
|
Batting: RHB Juan Martinez
|
0-0: Called Strike 0-1: Called Strike 0-2: Foul Ball, location: 2F 0-2: Ball 1-2: Ball 2-2: SINGLE (Groundball, 4M, EV 81.2 MPH) (infield hit)
|
|
Batting: LHB Tsutomu Miyahara
|
0-0: Called Strike 0-1: Foul Ball, location: 2F 0-2: Ball 1-2: Ball 2-2: Foul Ball, location: 2F 2-2: Ball 3-2: Base on Balls Juan Martinez to second
|
|
Batting: SHB Gerardo Macias
|
0-0: Called Strike 0-1: Swinging Strike 0-2: Ball 1-2: Ball 2-2: Ball 3-2: Strikes out looking
|
|
Batting: RHB Ricky Yerzy
|
0-0: Ball Juan Martinez is caught stealing 3rd base 2-5 Tsutomu Miyahara to second 1-0: Fly out, F9 (Flyball, 89S, EV 76.2 MPH)
|
| Bottom of the 3rd over - 0 runs, 1 hit, 0 errors, 1 left on base; Indianapolis 0 - Memphis 1 |
| TOP OF THE 4TH |
|
Indianapolis Indians batting - Pitching for Memphis Redbirds : LHP Ed Gates
|
|
Batting: RHB Brandon White
|
0-0: Ball 1-0: Ball 2-0: Called Strike 2-1: Ball 3-1: Base on Balls
|
|
Batting: LHB Jorge Quintana
|
0-0: Called Strike 0-1: SINGLE (Groundball, 56S, EV 64.4 MPH) (infield hit) Brandon White to second
|
|
Batting: RHB Richard Barrios
|
0-0: Called Strike 0-1: Ball 1-1: Ball Wild Pitch! Brandon White to third Jorge Quintana to second 2-1: Called Strike 2-2: Ball 3-2: Fly out, F8 (Flyball, 8LD, EV 87.5 MPH) Runner from 3rd tags up, SCORES, throw by CF Jorge Quintana to third
|
|
Batting: LHB Alberto Figueroa
|
0-0: Ball 1-0: Fly out, F9 (Flyball, 9LS, EV 91.9 MPH)
|
|
Batting: RHB Steve Terres
|
Pickoff Throw to Third - Error! E1 Jorge Quintana scores 0-0: Called Strike 0-1: Ball 1-1: Ball 2-1: Foul Ball, location: 2F 2-2: Strikes out looking
|
| Top of the 4th over - 2 runs, 1 hit, 1 error, 0 left on base; Indianapolis 2 - Memphis 1 |
| BOTTOM OF THE 4TH |
|
Memphis Redbirds batting - Pitching for Indianapolis Indians : LHP Ben Buerck
|
|
Batting: RHB Tyler Walker
|
0-0: Ball 1-0: Foul Ball, location: 2F 1-1: Ball 2-1: Foul Ball, location: 2F 2-2: Foul Ball, location: 2F 2-2: Ball 3-2: Foul Ball, location: 2F 3-2: Foul Ball, location: 2F 3-2: Strikes out swinging
|
|
Batting: RHB Andres Mendiola
|
0-0: Ball 1-0: Ball 2-0: Foul Ball, location: 2F 2-1: Called Strike 2-2: Foul Ball, location: 2F 2-2: SINGLE (Groundball, 56S, EV 66.2 MPH) (infield hit)
|
|
Batting: RHB Mark Cahill
|
0-0: Ball 1-0: Fly out, F3 (Popup, 34S, EV 90.6 MPH)
|
|
Batting: RHB Josh Martin
|
0-0: Foul Ball, location: 2F 0-1: Called Strike 0-2: Strikes out swinging
|
| Bottom of the 4th over - 0 runs, 1 hit, 0 errors, 1 left on base; Indianapolis 2 - Memphis 1 |
| TOP OF THE 5TH |
|
Indianapolis Indians batting - Pitching for Memphis Redbirds : LHP Ed Gates
|
|
Batting: RHB Hugo Zacarias
|
0-0: Ball 1-0: Ball 2-0: Foul Ball, location: 2F 2-1: Ball 3-1: Base on Balls
|
|
Batting: RHB Nick Wicker
|
0-0: Hit by Pitch Hugo Zacarias to second
|
|
Batting: RHB Alain Marquet
|
0-0: Foul Ball, location: 2F 0-1: Swinging Strike 0-2: Ball 1-2: Strikes out swinging
|
|
Batting: RHB Dave Fredericks
|
0-0: Ball 1-0: Foul Ball, location: 2F 1-1: Ball 2-1: Called Strike 2-2: Fielders Choice at 2nd, 6-4 (Groundball, 6, EV 96.9 MPH) Hugo Zacarias to third
|
|
Batting: RHB Brandon White
|
0-0: Ball 1-0: Ball 2-0: Swinging Strike 2-1: Fly out, F8 (Flyball, 8LM, EV 81.2 MPH)
|
| Top of the 5th over - 0 runs, 0 hits, 0 errors, 2 left on base; Indianapolis 2 - Memphis 1 |
| BOTTOM OF THE 5TH |
|
Memphis Redbirds batting - Pitching for Indianapolis Indians : LHP Ben Buerck
|
|
Batting: RHB Roberto Duron
|
0-0: DOUBLE (Line Drive, 3D, EV 103.1 MPH)
|
|
Batting: RHB Juan Martinez
|
0-0: Ball 1-0: Called Strike 1-1: Ball 2-1: SINGLE (Groundball, 56S, EV 65.0 MPH) (infield hit) Roberto Duron to third
|
|
Batting: LHB Tsutomu Miyahara
|
0-0: Ball Juan Martinez steals 2nd base 1-0: Called Strike 1-1: Ball 2-1: Called Strike 2-2: SINGLE (Line Drive, 4D, EV 101.9 MPH) Roberto Duron scores Juan Martinez to third Runner from 3rd tries for Home, throw by CF and OUT! 8-2
|
|
Batting: SHB Gerardo Macias
|
0-0: Foul Ball, location: 2F 0-1: Foul Ball, location: 2F 0-2: Foul Ball, location: 2F 0-2: Ball 1-2: Ball Tsutomu Miyahara steals 2nd, throwing error, E2 Tsutomu Miyahara to third 2-2: Fly out, F8 (Flyball, 8LXD, EV 82.5 MPH) Runner from 3rd tags up, SCORES, no throw by CF
|
|
Batting: RHB Ricky Yerzy
|
0-0: Swinging Strike 0-1: Called Strike 0-2: Ball 1-2: Strikes out looking
|
| Bottom of the 5th over - 2 runs, 3 hits, 1 error, 0 left on base; Indianapolis 2 - Memphis 3 |
| TOP OF THE 6TH |
|
Indianapolis Indians batting - Pitching for Memphis Redbirds : LHP Ed Gates
|
|
Batting: LHB Jorge Quintana
|
0-0: Ball 1-0: Ball 2-0: Called Strike 2-1: Foul Ball, location: 2F 2-2: Foul Ball, location: 2F 2-2: Ball 3-2: Foul Ball, location: 2F 3-2: Strikes out swinging
|
|
Pitching: RHP Branden Maynard
|
|
|
Batting: RHB Richard Barrios
|
0-0: Ball 1-0: Foul Ball, location: 2F 1-1: Ground out 5-3 (Groundball, 5L, EV 83.8 MPH)
|
|
Batting: LHB Alberto Figueroa
|
0-0: Called Strike 0-1: Ball 1-1: Called Strike 1-2: Foul Ball, location: 2F 1-2: Strikes out looking
|
| Top of the 6th over - 0 runs, 0 hits, 0 errors, 0 left on base; Indianapolis 2 - Memphis 3 |
| BOTTOM OF THE 6TH |
|
Memphis Redbirds batting - Pitching for Indianapolis Indians : LHP Ben Buerck
|
|
Pitching: RHP Greg Adair
|
|
|
Batting: RHB Tyler Walker
|
0-0: SOLO HOME RUN (Flyball, 9D, EV 96.2 MPH), Distance : 347 ft
|
|
Batting: RHB Andres Mendiola
|
0-0: Ball 1-0: Called Strike 1-1: Ball 2-1: DOUBLE (Line Drive, 7LS, EV 109.4 MPH)
|
|
Batting: RHB Mark Cahill
|
0-0: Ball 1-0: SINGLE (Groundball, 56D, EV 95.6 MPH) Andres Mendiola to third Runner from 3rd tries for Home, SAFE, throw by LF to home
|
|
Batting: RHB Josh Martin
|
0-0: Ball 1-0: Called Strike Mark Cahill is caught stealing 2nd base 2-4 1-1: Ball 2-1: Foul Ball, location: 2F 2-2: Foul Ball, location: 2F 2-2: Strikes out swinging
|
|
Batting: RHB Roberto Duron
|
0-0: Ball 1-0: Ball 2-0: Called Strike 2-1: Called Strike 2-2: Ground out 6-3 (Groundball, 6S, EV 71.9 MPH)
|
| Bottom of the 6th over - 2 runs, 3 hits, 0 errors, 0 left on base; Indianapolis 2 - Memphis 5 |
| TOP OF THE 7TH |
|
Indianapolis Indians batting - Pitching for Memphis Redbirds : RHP Branden Maynard
|
|
Batting: RHB Steve Terres
|
0-0: Ball 1-0: Foul Ball, location: 2F 1-1: Foul Ball, location: 2F 1-2: Strikes out swinging
|
|
Batting: RHB Hugo Zacarias
|
0-0: Ball 1-0: Ball 2-0: Ball 3-0: Called Strike 3-1: Base on Balls
|
|
Batting: RHB Nick Wicker
|
0-0: Foul Ball, location: 2F 0-1: Called Strike 0-2: Ball Hugo Zacarias is caught stealing 2nd base 2-4 1-2: Ball 2-2: SINGLE (Line Drive, 89S, EV 95.6 MPH)
|
|
Batting: RHB Alain Marquet
|
0-0: Foul Ball, location: 2F 0-1: Fly out, F8 (Line Drive, 8RD, EV 91.9 MPH)
|
| Top of the 7th over - 0 runs, 1 hit, 0 errors, 1 left on base; Indianapolis 2 - Memphis 5 |
| BOTTOM OF THE 7TH |
|
Memphis Redbirds batting - Pitching for Indianapolis Indians : RHP Greg Adair
|
|
Pitching: RHP Shuuhei Watanabe
|
|
|
Batting: RHB Juan Martinez
|
0-0: Foul Ball, location: 2F 0-1: Foul Ball, location: 2F 0-2: Fly out, F6 (Flyball, 6MD, EV 91.9 MPH)
|
|
Batting: LHB Tsutomu Miyahara
|
0-0: Ball 1-0: SINGLE (Groundball, 4D, EV 98.1 MPH)
|
|
Batting: SHB Gerardo Macias
|
0-0: Called Strike Pickoff Throw to First - Error! E1 Tsutomu Miyahara to second 0-1: Ball 1-1: Fly out, F9 (Flyball, 9D, EV 88.8 MPH) Runner from 2nd tags up, SAFE at 3rd, no throw by RF
|
|
Batting: RHB Ricky Yerzy
|
0-0: Called Strike 0-1: Foul Ball, location: 2F 0-2: Ball Wild Pitch! Tsutomu Miyahara scores 1-2: Foul Ball, location: 2F 1-2: Ball 2-2: Ball 3-2: Foul Ball, location: 2F 3-2: Ground out 6-3 (Groundball, 6, EV 93.8 MPH)
|
| Bottom of the 7th over - 1 run, 1 hit, 1 error, 0 left on base; Indianapolis 2 - Memphis 6 |
| TOP OF THE 8TH |
|
Indianapolis Indians batting - Pitching for Memphis Redbirds : RHP Branden Maynard
|
|
Pitching: RHP Doug Nickey
|
|
|
Batting: RHB Dave Fredericks
|
0-0: Called Strike 0-1: Fly out, F9 (Flyball, 89M, EV 86.2 MPH)
|
|
Batting: RHB Brandon White
|
0-0: Ball 1-0: Ball 2-0: Foul Ball, location: 2F 2-1: Fly out, F7 (Flyball, 7S, EV 86.9 MPH)
|
|
Batting: LHB Jorge Quintana
|
0-0: Ball 1-0: Called Strike 1-1: Foul Ball, location: 2F 1-2: Ball 2-2: Foul Ball, location: 2F 2-2: Foul Ball, location: 2F 2-2: Strikes out swinging
|
| Top of the 8th over - 0 runs, 0 hits, 0 errors, 0 left on base; Indianapolis 2 - Memphis 6 |
| BOTTOM OF THE 8TH |
|
Memphis Redbirds batting - Pitching for Indianapolis Indians : RHP Shuuhei Watanabe
|
|
Batting: RHB Tyler Walker
|
0-0: Ground out 4-3 (Groundball, 4, EV 87.5 MPH)
|
|
Batting: RHB Andres Mendiola
|
0-0: Called Strike 0-1: Called Strike 0-2: Strikes out swinging
|
|
Batting: RHB Mark Cahill
|
0-0: Foul Ball, location: 2F 0-1: Ball 1-1: Swinging Strike 1-2: Ball 2-2: Strikes out swinging
|
| Bottom of the 8th over - 0 runs, 0 hits, 0 errors, 0 left on base; Indianapolis 2 - Memphis 6 |
| TOP OF THE 9TH |
|
Indianapolis Indians batting - Pitching for Memphis Redbirds : RHP Doug Nickey
|
|
Batting: RHB Richard Barrios
|
0-0: Fly out, F8 (Flyball, 8LM, EV 85.0 MPH)
|
|
Batting: LHB Alberto Figueroa
|
0-0: Ball 1-0: SINGLE (Groundball, 6MD, EV 103.1 MPH)
|
|
Batting: RHB Steve Terres
|
0-0: Ball 1-0: Called Strike 1-1: Swinging Strike 1-2: Ball 2-2: Strikes out swinging
|
|
Batting: RHB Hugo Zacarias
|
0-0: Ball 1-0: Called Strike 1-1: Foul Ball, location: 2F 1-2: Ball 2-2: Ball 3-2: Strikes out swinging
|
| Top of the 9th over - 0 runs, 1 hit, 0 errors, 1 left on base; Indianapolis 2 - Memphis 6 |
|